 Dungeon Crawl Stone Soup version 0.26-a0-1222-g14533b3512 (webtiles) character file.

Game seed: 13580923406902816139

28 Dirian the Skirmisher (level 2, -1/27 HPs)
             Began as a Minotaur Fighter on Dec 31, 2020.
             Slain by Natasha (3 damage)
             ... on level 2 of the Dungeon.
             The game lasted 00:01:14 (848 turns).

Dirian the Skirmisher (Minotaur Fighter)             Turns: 848, Time: 00:01:14

Health: -1/27      AC:  7    Str: 20    XL:     2   Next: 96%
Magic:  1/1        EV:  7    Int:  5    God:
Gold:   79         SH:  9    Dex:  9    Spells: 2/2 levels left

rFire    . . .     SeeInvis .   a - +0 war axe
rCold    . . .     Faith    .   c - +0 kite shield
rNeg     . . .     Spirit   .   b - +0 scale mail
rPois    .         Reflect  .   (helmet restricted)
rElec    .         Harm     .   (no cloak)
rCorr    .         Rampage  .   (no gloves)
Will     .....                  (no boots)
Stlth    ..........             (no amulet)
HPRegen  0.09/turn              (no ring)
MPRegen  0.07/turn              (no ring)

@: slowed, very slow
A: retaliatory headbutt, horns 2
a: no special abilities


You were on level 2 of the Dungeon.
You visited 1 branch of the dungeon, and saw 2 of its levels.

You collected 79 gold pieces.

Inventory:

Hand Weapons
 a - a +0 war axe (weapon)
Armour
 b - a +0 scale mail (worn)
 c - a +0 kite shield (worn)
 i - a +0 chain mail
Jewellery
 e - an uncursed ring of resist corrosion {unknown}
Scrolls
 g - a scroll of teleportation {unknown}
 h - a scroll of remove curse {unknown}
 j - a scroll of blinking {unknown}
 l - a scroll of random uselessness {unknown}
Potions
 d - 2 potions of might
 f - 2 potions of magic {unknown}
 k - a potion of lignification {unknown}
 m - a potion of invisibility {unknown}


   Skills:
 + Level 4.0 Fighting
 + Level 2.9 Axes
 + Level 4.0 Armour
 + Level 3.9 Shields
 * Level 0.5 Spellcasting


You had 2 spell levels left.
You didn't know any spells.
Your spell library was empty.

Dungeon Overview and Level Annotations

Branches:
Dungeon (2/15)

Altars:

Annotations:
D:2 Natasha


Innate Abilities, Weirdness & Mutations

You reflexively headbutt those who attack you in melee.
You have a pair of horns on your head.


Message History

Natasha claws you.
Natasha stares at you and mumbles some strange words.
You feel yourself slow down.
You closely miss Natasha.
Natasha is heavily wounded.
Natasha claws you. Natasha claws you!
* * * LOW HITPOINT WARNING * * *
You hit Natasha.
Natasha is heavily wounded.
Natasha casts a spell.
Natasha claws you.
* * * LOW HITPOINT WARNING * * *
You closely miss Natasha.
Natasha is heavily wounded.
Your shield and scale mail prevent you from hitting the white imp.
Natasha claws you.
* * * LOW HITPOINT WARNING * * *
The white imp hits you but does no damage.
Natasha claws you.
You die...

.........#...#
#.###........# #.#
#.##...###
###.###.##.....#
.....#......#.#
##.#.#.###.##.#
#..............
#..#.##.###.#.#.
#..h@5..# .# #.#
........?#........
...#.###.#.##....#
. #. ..#.# ..## .
.....! ... .......
## .......##
##....(.#


You could see Natasha and a white imp (summoned).

Vanquished Creatures
  A dart slug (D:1)
  A leopard gecko (D:1)
  5 goblins (D:1)
  3 hobgoblins (D:1)
  5 bats
  6 kobolds (D:1)
  3 rats (D:1)
24 creatures vanquished.

Notes
Turn   | Place    | Note
-------+----------+-------------------------------------------
     0 | D:1      | Dirian the Minotaur Fighter began the quest for the Orb.
     0 | D:1      | Reached XP level 1. HP: 19/19 MP: 0/0
    83 | D:1      | Reached XP level 2. HP: 23/27 MP: 1/1
   837 | D:2      | Noticed Natasha
   848 | D:2      | Slain by Natasha

Illustrated notes

Levels and vault maps discovered:
D:1:      grunt_arrival_crossed_arrows, layout_basic
D:2:      layout_basic, minmay_lizard_pond, uniq_terence, uniq_natasha,
          uniq_robin

Skill      XL: |  1  2 |
---------------+-------+-----
Fighting       | 4 |  4.0
Armour         | 4 |  4.0
Axes           | |  2.9
Shields        | |  3.9
Spellcasting   | |  0.5

Action                   || total
-------------------------++-------
Melee: War axe           ||    62
       Headbutt          ||     7
Armor: Scale mail        ||    33
Dodge: Dodged            ||    25
Block: Kite shield       ||    38

Table legend: (Time is in decaauts)
 A = Elapsed time spent in this place.
 B = Non-inter-level travel time spent in this place.
 C = Inter-level travel time spent in this place.
 D = Time resting spent in this place.
 E = Time spent auto-exploring this place.
 F = Levels seen in this place.
 G = Mean time per level.
                   A        B        C        D        E       F      G
               +--------+--------+--------+--------+--------+-----+--------+
         Total |    876 |    861 |     15 |      0 |    697 |   2 |  438.0 |
       Dungeon |    876 |    861 |     15 |      0 |    697 |   2 |  438.0 |
               +--------+--------+--------+--------+--------+-----+--------+

Top non-repeatable levels by time:
     D:1: 816 daAuts
     D:2: 59 daAuts
